 Dungeon Crawl Stone Soup version 0.27.0-1-g7a089689b8 (webtiles) character file.

Game seed: 4081203515900485162

1668 frimble the Skirmisher (level 8, -5/70 HPs)
             Began as a Minotaur Warper on Aug 16, 2021.
             Was an Initiate of Cheibriados.
             Killed from afar by an electric eel (15 damage)
             ... with a bolt of electricity
             ... on level 6 of the Dungeon.
             The game lasted 00:08:22 (7697 turns).

frimble the Skirmisher (Minotaur Warper)            Turns: 7697, Time: 00:08:23

Health: -5/70      AC:  8    Str: 17      XL:     8   Next: 69%
Magic:  7/10       EV: 12    Int: 10 (12) God:    Cheibriados [......]
Gold:   175        SH:  0    Dex: 12      Spells: 8/11 levels left

rFire    . . .     SeeInvis +   e - +1 short sword (venom)
rCold    . . .     Faith    .   (no shield)
rNeg     . . .     Spirit   .   i - +0 ring mail
rPois    .         Reflect  .   (helmet restricted)
rElec    .         Harm     .   m - +0 cloak
rCorr    .         Rampage  .   o - +0 pair of gloves
Will     .....                  (no boots)
Stlth    +.........             (no amulet)
HPRegen  0.21/turn              l - ring of see invisible
MPRegen  0.12/turn              (no ring)

@: very slow
A: horns 2, retaliatory headbutt
a: Renounce Religion, Bend Time


You were on level 6 of the Dungeon.
You worshipped Cheibriados.
Cheibriados was noncommittal.
You visited 1 branch of the dungeon, and saw 6 of its levels.

You collected 175 gold pieces.

Inventory:

Hand Weapons
 a - a +0 hand axe
 e - a +1 short sword of venom (weapon)
Missiles
 d - a boomerang of dispersal (quivered)
Armour
 i - a +0 ring mail (worn)
 m - a +0 cloak (worn)
 o - a +0 pair of gloves (worn)
Jewellery
 l - a ring of see invisible (left hand)
Scrolls
 c - a scroll of blinking
 k - a scroll of vulnerability
 n - a scroll of teleportation
 p - a scroll of amnesia
 r - 3 scrolls of immolation
Potions
 h - a potion of heal wounds


   Skills:
 + Level 6.2 Fighting
 + Level 4.7 Short Blades
 - Level 2.5 Axes
 - Level 4.6 Throwing
 - Level 3.2 Armour
 + Level 5.5 Dodging
 - Level 2.1 Spellcasting
 + Level 4.1 Translocations


You had 8 spell levels left.
You knew the following spells:

 Your Spells              Type           Power      Damage    Failure   Level
a - Blink                 Tloc           N/A        N/A       16%         2
b - Apportation           Tloc           18%        N/A       10%         1

Your spell library contained the following spells:

 Spells                   Type           Power      Damage    Failure   Level
 Gell's Gravitas          Tloc           4%         N/A       30%         3
 Lesser Beckoning         Tloc           4%         N/A       30%         3
 Teleport Other           Tloc           9%         N/A       30%         3
 Animate Skeleton         Necr           2%         N/A       50%         1
 Corona                   Hex            1%         N/A       50%         1
 Summon Small Mammal      Summ           4%         N/A       50%         1
 Portal Projectile        Hex/Tloc       10%        N/A       56%         3
 Call Canine Familiar     Summ           1%         N/A       86%         3
 Manifold Assault         Tloc           9%         N/A       95%         5
 Animate Dead             Necr           0%         N/A       99%         4
 Leda's Liquefaction      Hex/Erth       0%         N/A       99%         4
 Borgnjor's Vile Clutch   Necr/Erth      0%         N/A       100%        5
 Death Channel            Necr           0%         N/A       100%        6


Dungeon Overview and Level Annotations

Branches:
Dungeon (6/15)             Temple (0/1) D:5

Altars:
Ashenzari
Cheibriados
Hepliaklqana
Makhleb
Vehumet
Yredelemnul

Shops:
D:1 (

Annotations:
D:2 1 runed translucent door, Crazy Yiuf
D:5 Grinder


Innate Abilities, Weirdness & Mutations

You have a pair of horns on your head.
You reflexively headbutt those who attack you in melee.


Message History

Grinder says, "I used to sell toenails on the black market."
The ogre barely misses you.
There is a stone staircase leading up, spattered with blood here.
Grinder hits you.
You climb upwards.
There is a stone staircase leading down here.
The ogre barely misses you.
Grinder blinks!
The ogre barely misses you.
Grinder blinks!
You hit the ogre. Your headbutt misses the ogre.
The ogre is lightly wounded.
You barely miss the ogre.
The ogre is lightly wounded.
The ogre hits you with a +0 giant club!!
You hit the ogre.
The ogre is poisoned.
The ogre is moderately wounded.
The ogre hits you with a +0 giant club!
* * * LOW HITPOINT WARNING * * *
Casting: Blink (safe; 16% risk of failure)
Confirm with . or Enter, or press ? or * to list all spells.
You blink.
Casting: Blink (safe; 16% risk of failure)
Confirm with . or Enter, or press ? or * to list all spells.
You blink.
Throw: boomerang (disperse)
Press: ? - help, Q - select action, (/) - cycle Shift-Dir - straight line, f - ogre
Aim: an ogre, wielding a +0 giant club (translocational energy, heavily wounded, very poisoned, 77% to hit)
Okay, then.
Grinder says, "Tell me all your secrets, or I'll kill you."
There is an escape hatch in the floor here.
You slide downwards.
The hatch slams shut behind you.
The electric eel shoots out a bolt of lightning at you!
The bolt of electricity hits the plant!
The plant begins to die.
The bolt of electricity misses you.
Found a red potion.
The electric eel shoots out a bolt of lightning at you!
The bolt of electricity hits the plant.
The bolt of electricity hits you!
* * * LOW HITPOINT WARNING * * *
The electric eel shoots out a bolt of lightning at you!
The bolt of electricity hits you!
You die...

#####.......## ≈.≈≈≈≈≈≈≈≈♣.# #
#.).....# ...≈.≈.;≈♣..# #
###'##### .≈≈≈≈P≈.P...+ # #..#
..♣.........### # ##.##
#.........#.... ########..#
#......<..#.#.# ##........#
#.........#.#.#
##........######.#....##.#.#.#
................@#.?..##.#.#.#
......................'...>W.#
##.......#..#.........##.#..<#
#..[....##.#......$..##.#####
#.......##.'..........#..
#.......###'.........!###
#######..........P.....
#......###....♣.. #......#
..;♣♣≈♣


You could see an electric eel.

Vanquished Creatures
  Eustachio (D:4)
  Menkaure (D:4)
  A water moccasin (D:6)
  An ice beast (D:5)
  3 black bears (D:6)
  2 ogres (D:6)
  A phantom (D:6)
  A scorpion (D:4)
  A water moccasin zombie (D:6)
  A wight (D:5)
  A bullfrog zombie (D:3)
  A hound (D:4)
  2 orc priests
  A centaur skeleton (D:5)
  An iguana (D:4)
  Terence (D:2)
  2 orc wizards
  2 howler monkey zombies (D:5)
  Robin (D:4)
  A howler monkey skeleton (D:4)
  4 gnolls
  7 adders
  A white imp (D:5)
  An ufetubus (D:5)
  An adder skeleton (D:4)
  3 worms
  4 dart slugs
  17 orcs
  6 endoplasms
  4 giant cockroaches
  16 goblins
  8 hobgoblins
  2 jackals (D:2)
  8 kobolds
  3 quokkas
  5 ball pythons
  4 bats
  4 frilled lizards
  8 rats
132 creatures vanquished.

Vanquished Creatures (others)
  13 plants
13 creatures vanquished.

Grand Total: 145 creatures vanquished

Notes
Turn   | Place    | Note
-------+----------+-------------------------------------------
     0 | D:1      | frimble the Minotaur Warper began the quest for the Orb.
     0 | D:1      | Reached XP level 1. HP: 18/18 MP: 1/1
   111 | D:1      | Found a faded altar of an unknown god.
   251 | D:1      | Found Wafuoll's Antique Weapon Emporium.
   279 | D:1      | Reached XP level 2. HP: 25/25 MP: 1/3
  1167 | D:2      | Reached XP level 3. HP: 23/30 MP: 4/4
  1426 | D:2      | Noticed Terence
  1434 | D:2      | Killed Terence
  1435 | D:2      | Reached skill level 3 in Fighting
  1593 | D:2      | Found a runed translucent door.
  1594 | D:2      | Noticed Crazy Yiuf
  1699 | D:2      | Reached skill level 1 in Short Blades
  1699 | D:2      | Reached XP level 4. HP: 28/38 MP: 5/5
  2543 | D:3      | Found a broken altar of Ashenzari.
  2543 | D:3      | Found a hazy altar of Hepliaklqana.
  2555 | D:3      | Found a snail-covered altar of Cheibriados.
  2916 | D:3      | Reached XP level 5. HP: 34/45 MP: 5/7
  3033 | D:3      | Learned a level 2 spell: Blink
  3706 | D:3      | Found a radiant altar of Vehumet.
  3818 | D:3      | Found a burning altar of Makhleb.
  4105 | D:4      | Noticed Menkaure
  4110 | D:4      | Killed Menkaure
  4111 | D:4      | Reached XP level 6. HP: 31/52 MP: 8/8
  4316 | D:4      | Reached skill level 4 in Fighting
  4321 | D:4      | Noticed Robin
  4436 | D:4      | Killed Robin
  4841 | D:4      | Reached XP level 7. HP: 43/60 MP: 9/9
  5039 | D:4      | Learned a level 1 spell: Apportation
  5256 | D:4      | Noticed Eustachio
  5283 | D:4      | Killed Eustachio
  5554 | D:5      | Entered Level 5 of the Dungeon
  5819 | D:5      | Found a basalt altar of Yredelemnul.
  6020 | D:5      | Found a staircase to the Ecumenical Temple.
  6308 | D:3      | Became a worshipper of Cheibriados the Contemplative
  6454 | D:6      | Reached skill level 5 in Fighting
  6857 | D:6      | Reached XP level 8. HP: 66/67 MP: 10/10
  6930 | D:6      | Reached skill level 5 in Dodging
  7190 | D:6      | HP: 1/70 [ogre (16)]
  7218 | D:6      | Reached skill level 6 in Fighting
  7435 | D:6      | Noticed Grinder
  7675 | D:6      | Paralysed by Grinder for 6 turns
  7697 | D:6      | Killed from afar by an electric eel

Illustrated notes

Levels and vault maps discovered:
D:1:      heliophobic_arrival_ceremonial_halls, layout_rooms, serial_shops,
          shop, hellmonk_ecumenical_altar_pennies_from_heaven, grunt_decor_cap,
          minmay_misc_feat_nine_boxes, corexii_item_surrounded_by_moat,
          grunt_decor_fettered, minmay_hexomino_u4
D:2:      layout_rooms, grunt_decor_one_mirror, minmay_between, uniq_terence,
          uniq_crazy_yiuf_cottage
D:3:      layout_rooms, vehumet_crystals, mainiacjoe_overflow_alcove_2,
          grunt_temple_overflow_open, amcnicky_mini_pool_small,
          serial_bayou_pond_e, minivault_25, minmay_misc_feat_square
D:4:      layout_basic, uniq_menkaure, uniq_eustachio, uniq_robin
D:5:      layout_loops_cross, mainiacjoe_overflow_six_doors_small,
          minmay_temple_entry_crystal_x
D:6:      layout_basic, serial_bayou, serial_bayou_pond_c, serial_bayou_pond_b,
          serial_bayou_pond_a, serial_bayou_pond_b, uniq_grinder

Skill      XL: |  1  2  3  4  5  6  7  8 |
---------------+-------------------------+-----
Fighting       | 3 4 5 6 |  6.2
Armour         | 2 3 |  3.2
Short Blades   | 1 2 3 4 |  4.7
Dodging        | 3 4 5 |  5.5
Spellcasting   | 2 |  2.1
Throwing       | 2 3 4 |  4.6
Translocations | 3 4 |  4.1
Axes           | |  2.5

Action                   |  1- 3 |  4- 6 |  7- 9 || total
-------------------------+-------+-------+-------++-------
Melee: Hand axe          |    12 |       |       ||    12
       Headbutt          |    10 |    27 |    41 ||    78
       Short sword       |    51 |   183 |   202 ||   436
Throw: Boomerang         |       |       |     4 ||     4
 Cast: Blink             |       |     1 |     9 ||    10
       Apportation       |       |       |     1 ||     1
  Use: Scroll            |       |     1 |     4 ||     5
       Potion            |       |       |     8 ||     8
 Stab: Invisible         |       |       |     1 ||     1
Armor: Leather armour    |     6 |       |       ||     6
       Ring mail         |    18 |    66 |    92 ||   176
Dodge: Dodged            |    40 |   106 |   120 ||   266
